 Dungeon Crawl Stone Soup version 0.27.0-1-g7a089689b8 (webtiles) character file.

Game seed: 5288909105309591633

35860 RepoMan the Lord of Darkness (level 13, -13/101 HPs)
             Began as a Demonspawn Wanderer on Aug 9, 2021.
             Was the Champion of Kikubaaqudgha.
             Mangled by a salamander (19 damage)
             ... in a volcano.
             The game lasted 01:49:54 (17328 turns).

RepoMan the Lord of Darkness (Demonspawn Wanderer) Turns: 17328, Time: 01:49:55

Health: -13/101    AC: 18    Str: 16    XL:     13   Next: 49%
Magic:  20/21      EV: 15    Int: 14    God:    Kikubaaqudgha [******]
Gold:   1359       SH:  6    Dex: 14    Spells: 4/23 levels left

rFire    + + .     SeeInvis +   v - +7 morningstar "Hemumof" {vamp, rPois rC+}
rCold    + + .     Faith    .   a - +1 buckler {reflect}
rNeg     . . .     Spirit   .   x - +2 ring mail {rF+}
rPois    +         Reflect  +   j - +1 helmet
rElec    +         Harm     .   K - +0 cloak
rCorr    +         Rampage  .   (no gloves)
Will     .....                  (boots unavailable)
Stlth    +.........             L - amulet "Ojoecs" {RegenMP Slay+2 SInv}
HPRegen  0.26/turn              u - +4 ring of protection
MPRegen  0.42/turn              C - +4 ring of evasion

@: resistant
A: talons 3, yellow scales 1, condensation shield, demonic magic 2
a: Renounce Religion, Receive Corpses, Torment, Brand Weapon With Pain, Receive
Forbidden Knowledge


You were in a volcano.
You worshipped Kikubaaqudgha.
Kikubaaqudgha was exalted by your worship.
You visited 3 branches of the dungeon, and saw 16 of its levels.
You also visited: Volcano.

You collected 1359 gold pieces.

Inventory:

Hand Weapons
 f - a +4 scimitar of flaming
 h - a +2 double sword of flaming
 v - the +7 morningstar "Hemumof" (weapon) {vamp, rPois rC+}
   (You found it on level 11 of the Dungeon)

   It occasionally heals its wielder for a portion of the damage dealt when it
   wounds a living foe.
   rC:        It protects you from cold.
   rPois:     It protects you from poison.
Armour
 a - a +1 buckler of reflection (worn)
 e - +0 acid dragon scales
 j - a +1 helmet (worn)
 x - a +2 ring mail of fire resistance (worn)
 K - a +0 cloak (worn)
Magical Staves
 J - a staff of death
Jewellery
 t - a ring of willpower
 u - a +4 ring of protection (left hand)
 y - a ring of flight
 C - a +4 ring of evasion (right hand)
 L - the amulet "Ojoecs" (around neck) {RegenMP Slay+2 SInv}
   (You found it on level 6 of the Dungeon)

   [amulet of magic regeneration]

   It increases your rate of magic regeneration.
   Slay:      It affects your accuracy & damage with ranged weapons and melee
   (+2).
   SInv:      It lets you see invisible.
 O - a ring of wizardry
Wands
 d - a wand of flame (39)
 o - a wand of acid (12)
 s - a wand of mindburst (11)
 A - a wand of iceblast (5)
 G - a wand of digging (1)
Scrolls
 g - a scroll of holy word
 m - 9 scrolls of teleportation
 n - 4 scrolls of enchant armour
 r - 4 scrolls of immolation
 D - a scroll of summoning {unknown}
 H - a scroll of vulnerability
 I - 2 scrolls of magic mapping
Potions
 b - a potion of berserk rage
 c - 6 potions of curing
 i - a potion of ambrosia
 l - 3 potions of flight
 w - 2 potions of invisibility
 z - 2 potions of might
 B - 5 potions of degeneration {unknown}
 E - 3 potions of cancellation
 F - a potion of brilliance
 N - a potion of lignification {unknown}
 P - a potion of mutation {unknown}


   Skills:
 + Level 9.2 Fighting
 * Level 11.3 Long Blades
 - Level 1.0 Throwing
 + Level 8.3 Armour
 + Level 2.2 Dodging
 - Level 2.6 Stealth
 - Level 4.0 Shields
 - Level 5.6 Spellcasting
 * Level 12.6 Necromancy
 - Level 4.0 Translocations
 + Level 4.0 Earth Magic


You had 4 spell levels left.
You knew the following spells:

 Your Spells              Type           Power      Damage    Failure   Level
a - Agony                 Necr           39%        N/A       4%          5
b - Blink                 Tloc           N/A        N/A       9%          2
c - Corpse Rot            Necr/Air       N/A        N/A       3%          2
l - Sublimation of Blood  Necr           19%        N/A       1%          2
u - Dispel Undead         Necr           39%        3d16      1%          4
v - Vampiric Draining     Necr           19%        2d8       1%          3
z - Pain                  Necr           100%       1d9       1%          1

Your spell library contained the following spells:

 Spells                   Type           Power      Damage    Failure   Level
 Sandblast                Erth           30%        2d9       5%          1
 Lesser Beckoning         Tloc           7%         N/A       16%         3
 Passwall                 Tmut/Erth      7%         N/A       19%         2
 Beastly Appendage        Tmut           6%         N/A       28%         1
 Magic Dart               Conj           12%        1d3       28%         1
 Summon Small Mammal      Summ           12%        N/A       28%         1
 Portal Projectile        Hex/Tloc       18%        N/A       36%         3
 Stone Arrow              Conj/Erth      18%        3d8       36%         3
 Searing Ray              Conj           6%         3d3       38%         2
 Wereblood                Tmut           3%         N/A       38%         2
 Call Canine Familiar     Summ           3%         N/A       63%         3
 Inner Flame              Hex/Fire       3%         N/A       63%         3
 Spider Form              Tmut/Pois      1%         N/A       63%         3
 Summon Guardian Golem    Hex/Summ       3%         N/A       63%         3
 Animate Armour           Summ/Erth      18%        N/A       77%         4
 Leda's Liquefaction      Hex/Erth       4%         N/A       77%         4
 Petrify                  Tmut/Erth      9%         N/A       77%         4
 Cause Fear               Hex            1%         N/A       95%         4
 Fulminant Prism          Conj/Hex       1%         3d6       95%         4
 Summon Ice Beast         Ice/Summ       3%         N/A       95%         4
 Excruciating Wounds      Necr           19%        N/A       4%          5
 Borgnjor's Vile Clutch   Necr/Erth      13%        N/A       26%         5
 Lee's Rapid Deconstruct  Erth           7%         3d8*      83%         5
 Manifold Assault         Tloc           15%        N/A       83%         5
 Simulacrum               Ice/Necr       10%        N/A       97%         6
 Bolt of Magma            Conj/Fire/Erth 3%         4d5       99%         5
 Irradiate                Conj/Tmut      1%         3d14      100%        5
 Summon Mana Viper        Hex/Summ       3%         N/A       100%        5
 Statue Form              Tmut/Erth      6%         N/A       100%        6
 Monstrous Menagerie      Summ           1%         N/A       100%        7
 Borgnjor's Revivificati  Necr           19%        N/A       100%        8
 Discord                  Hex            1%         N/A       100%        8
 Lehudib's Crystal Spear  Conj/Erth      4%         10d3      100%        8
 Necromutation            Tmut/Necr      10%        N/A       100%        8
 Death's Door             Necr           19%        N/A       100%        9


Dungeon Overview and Level Annotations

Branches:
Dungeon (11/15)            Temple (0/1) D:7            Lair (4/6) D:11
 Shoals (0/4) Lair:4        Snake (0/4) Lair:4          Orc (1/2) D:11
Volcano (1/1)

Altars:
Ashenzari
Cheibriados
Dithmenos
Elyvilon
Fedhas
Gozag
Kikubaaqudgha
Makhleb
Wu Jian
Xom
Yredelemnul

Shops:
D:1 [

Annotations:
D:3 Jessica, Sigmund


Innate Abilities, Weirdness & Mutations

You have claws for feet.
You are partially covered in yellow scales. (AC +2)
A meltable shield of frost defends you. (SH +0)
Spells you cast may paralyse nearby enemies.


Message History

You are engulfed in flames.
You resist.
The salamander hits you from afar with a +0 trident.
You are engulfed in flames.
You resist.
The helpless salamander mystic fails to defend itself.
You hit the salamander mystic but do no damage.
You claw the salamander mystic.
The salamander mystic is moderately wounded.
You block the salamander's attack. The salamander closely misses you.
The salamander hits you from afar with a +0 trident!
* * * LOW HITPOINT WARNING * * *
You are engulfed in flames.
You resist.
* * * LOW HITPOINT WARNING * * *
The salamander hits you with a +0 glaive!
* * * LOW HITPOINT WARNING * * *
You are engulfed in flames.
You resist.
* * * LOW HITPOINT WARNING * * *
You feel much better.
In the distance, the volcano erupts with a roar.
The salamander mystic is no longer paralysed.
The salamander mystic hits you with a +0 scimitar.
* * * LOW HITPOINT WARNING * * *
You are engulfed in flames.
You resist.
* * * LOW HITPOINT WARNING * * *
The salamander hits you from afar with a +0 trident!
* * * LOW HITPOINT WARNING * * *
You are engulfed in flames.
You resist.
* * * LOW HITPOINT WARNING * * *
The salamander barely misses you.
Press: ? - help, v - describe, . - travel
Here: a salamander, wielding a +0 glaive (severely wounded, fast)
The floor, spattered with blood.
Unknown command.
Okay, then.
Unknown command.
Unknown command.
Okay, then.
The salamander hits you but does no damage.
The salamander hits you from afar with a +0 glaive!!
You die...
Kikubaaqudgha rasps: "You have failed me!
Welcome... death!"

##### #...#
###8_8## ....N.
#... ###N###
#..NN.# #..∩.@#
#.....# ##.).##
#### ##'##
##..# #.#
##...## ##.##
##.....###8.8#
##...§§..##...#
#...§≈§.......#


You could see a salamander mystic and 2 salamanders.

Vanquished Creatures
  Josephine (D:10)
  5 hydras
  2 boulder beetles (D:11)
  The ghost of Delamore the Basher, a journeyman GrFi of Gozag (Lair:2)
  Erica (D:8)
  A two-headed ogre (D:10)
  Urug (D:11)
  Nergalle (Lair:2)
  Sonja (D:11)
  2 manticores
  2 oklob plants (Lair:3)
  A salamander (Volcano)
  A torpor snail (Lair:1)
  13 cane toads
  Psyche (D:10)
  3 rime drakes
  Maggie (D:7)
  10 komodo dragons
  A hornet (D:8)
  A troll (D:11)
  A wind drake (Lair:4)
  2 polar bears
  8 blink frogs
  A spriggan (D:7)
  A vampire (D:11)
  23 yaks
  2 shadows (D:10)
  5 wraiths (D:10)
  3 wyverns
  4 basilisks
  6 fire bats (Volcano)
  2 fire elementals (Lair:1)
  2 steam dragons
  4 nagas (Lair:4)
  Grum (D:8)
  A warg (Orc:1)
  Menkaure (D:7)
  5 water moccasins
  2 ice beasts (D:6)
  4 sky beasts
  4 orc warriors
  4 necrophages
  3 black bears
  5 ogres
  9 wolves
  2 centaurs
  A phantom (D:5)
  A kobold brigand (D:10)
  14 bullfrogs
  A scorpion (D:5)
  A gnoll sergeant (D:6)
  A wyvern skeleton (D:5)
  5 killer bees (D:10)
  4 wights (D:7)
  4 howler monkeys
  An electric eel (Lair:3)
  A centaur zombie (D:8)
  2 bullfrog zombies (D:5)
  8 lava snakes
  3 centaur skeletons
  A human zombie (D:4)
  A jelly (D:7)
  2 bullfrog skeletons
  9 orc priests
  A gnoll shaman (D:8)
  4 scorpion zombies (D:4)
  3 iguanas (D:5)
  7 orc wizards
  A killer bee zombie (D:5)
  A hound zombie (D:4)
  A mummy (D:4)
  A howler monkey zombie (D:10)
  7 gnolls
  4 adders
  3 ufetubi
  An adder zombie (D:4)
  2 worms (D:2)
  2 dart slugs (D:1)
  40 orcs
  4 ball pythons
  3 bats
  7 endoplasms
  5 giant cockroaches
  5 goblins
  3 hobgoblins
  5 jackals
  2 quokkas
  2 frilled lizards
  12 kobolds
  2 rats
343 creatures vanquished.

Vanquished Creatures (collateral kills)
  2 necrophages (D:4)
  A centaur (D:5)
  A killer bee zombie (D:6)
4 creatures vanquished.

Vanquished Creatures (others)
  10 fungi
  19 plants
29 creatures vanquished.

Grand Total: 376 creatures vanquished

Notes
Turn   | Place    | Note
-------+----------+-------------------------------------------
     0 | D:1      | RepoMan the Demonspawn Wanderer began the quest for the
                  | Orb.
     0 | D:1      | RepoMan set off with the following items: a +2 falchion, a
                  | +0 hand axe, a potion of curing, a +0 robe, a +0 dagger
     0 | D:1      | Reached XP level 1. HP: 16/16 MP: 1/1
   148 | D:1      | Gained mutation: You have sharp toenails. [demonic
                  | ancestry]
   148 | D:1      | Reached XP level 2. HP: 21/22 MP: 2/2
   171 | D:1      | Found Komut's Antique Armour Shop.
   439 | D:1      | You fall into a shaft and drop 1 floor!
   598 | D:2      | Gained mutation: Spells you cast may paralyse adjacent
                  | enemies. [demonic ancestry]
   598 | D:2      | Reached XP level 3. HP: 26/28 MP: 3/3
   618 | D:2      | Noticed an ogre
   698 | D:3      | Noticed an ogre
   701 | D:3      | Killed an ogre
   702 | D:3      | Gained mutation: Spells you cast may paralyse nearby
                  | enemies. [demonic ancestry]
   702 | D:3      | Reached XP level 4. HP: 25/34 MP: 4/4
   732 | D:2      | Learned a level 1 spell: Summon Small Mammal
   734 | D:2      | Learned a level 1 spell: Sandblast
   899 | D:2      | Gained mutation: You have razor-sharp toenails. [demonic
                  | ancestry]
   899 | D:2      | Reached XP level 5. HP: 36/40 MP: 5/5
  1369 | D:2      | Found an ornate altar of the Wu Jian Council.
  1379 | D:2      | Killed an ogre
  1520 | D:3      | Found a faded altar of an unknown god.
  1531 | D:3      | Became a worshipper of Kikubaaqudgha
  1531 | D:3      | Reached * piety under Kikubaaqudgha
  1531 | D:3      | Received a gift from Kikubaaqudgha
  1591 | D:3      | Noticed Sigmund
  1591 | D:3      | Noticed Jessica
  1596 | D:4      | Noticed an ogre
  1600 | D:4      | Killed an ogre
  1601 | D:4      | Reached skill level 1 in Spellcasting
  1601 | D:4      | Reached skill level 1 in Necromancy
  1601 | D:4      | Gained mutation: A meltable shield of frost defends you.
                  | (SH +0) [demonic ancestry]
  1601 | D:4      | Reached XP level 6. HP: 42/47 MP: 7/7
  1616 | D:4      | Learned a level 1 spell: Pain
  1619 | D:4      | Learned a level 2 spell: Corpse Rot
  1969 | D:4      | Reached skill level 2 in Necromancy
  2053 | D:4      | Found a basalt altar of Yredelemnul.
  2142 | D:4      | Reached XP level 7. HP: 50/52 MP: 9/9
  2220 | D:4      | Reached skill level 3 in Necromancy
  2417 | D:4      | Found a snail-covered altar of Cheibriados.
  2423 | D:4      | Found a shadowy altar of Dithmenos.
  2437 | D:4      | Found a shimmering altar of Xom.
  2889 | D:5      | Entered Level 5 of the Dungeon
  2909 | D:5      | Reached ** piety under Kikubaaqudgha
  3155 | D:5      | Reached skill level 4 in Necromancy
  3155 | D:5      | Reached XP level 8. HP: 60/60 MP: 9/11
  3285 | D:5      | Reached skill level 5 in Long Blades
  4025 | D:6      | Reached skill level 5 in Necromancy
  4030 | D:6      | Learned a level 2 spell: Sublimation of Blood
  4034 | D:6      | Learned a level 3 spell: Vampiric Draining
  4221 | D:6      | Identified the amulet "Ojoecs" {RegenMP Slay+2 SInv}
  4623 | D:6      | Reached skill level 5 in Fighting
  4645 | D:6      | Gained mutation: You have claws for feet. [demonic
                  | ancestry]
  4645 | D:6      | Reached XP level 9. HP: 42/68 MP: 14/14
  5305 | D:7      | Reached skill level 6 in Necromancy
  5356 | D:7      | Found a staircase to the Ecumenical Temple.
  5522 | D:7      | Found a broken altar of Ashenzari.
  5862 | D:7      | Reached *** piety under Kikubaaqudgha
  5862 | D:7      | Received a gift from Kikubaaqudgha
  5869 | D:7      | Learned a level 4 spell: Dispel Undead
  6259 | D:7      | Noticed Menkaure
  6261 | D:7      | Killed Menkaure
  6262 | D:7      | Reached skill level 5 in Armour
  6753 | D:7      | Noticed Maggie
  6765 | D:7      | Killed Maggie
  6766 | D:7      | Reached skill level 7 in Necromancy
  7107 | D:8      | Found a burning altar of Makhleb.
  7123 | D:8      | Noticed Erica
  7138 | D:8      | Killed Erica
  7139 | D:8      | Reached XP level 10. HP: 62/76 MP: 12/16
  7148 | D:8      | Noticed Grum
  7348 | D:7      | Reached skill level 8 in Necromancy
  7565 | D:8      | Killed Grum
  7955 | D:9      | Found an opulent altar of Gozag.
  8763 | D:10     | Entered Level 10 of the Dungeon
  8769 | D:10     | Reached skill level 5 in Spellcasting
  9038 | D:10     | Noticed Josephine
  9067 | D:10     | Killed Josephine
  9068 | D:10     | Reached skill level 9 in Necromancy
  9251 | D:10     | Noticed Psyche
  9263 | D:10     | Killed Psyche
  9322 | D:10     | Found an ancient bone altar of Kikubaaqudgha.
  9365 | D:10     | Noticed a two-headed ogre
  9423 | D:10     | Killed a two-headed ogre
  9424 | D:10     | Reached XP level 11. HP: 44/84 MP: 19/19
  9593 | D:10     | Learned a level 5 spell: Agony
  9593 | D:10     | Identified a scroll of acquirement
  9599 | D:10     | Acquired a +1 buckler of reflection
  9923 | D:10     | Reached **** piety under Kikubaaqudgha
 10428 | D:11     | Reached skill level 1 in Shields
 10481 | D:11     | Noticed a boulder beetle
 10490 | D:11     | Killed a boulder beetle
 10516 | D:11     | Noticed Urug
 10530 | D:11     | Killed Urug
 10640 | D:11     | Noticed a boulder beetle
 10651 | D:11     | Killed a boulder beetle
 10769 | D:11     | Noticed a six-headed hydra
 10772 | D:11     | Found a staircase to the Orcish Mines.
 10775 | D:11     | Noticed Sonja
 10788 | D:11     | Killed a two-headed hydra
 10789 | D:11     | Reached skill level 10 in Necromancy
 10791 | D:11     | Killed Sonja
 11097 | D:11     | Found a staircase to the Lair.
 11202 | D:11     | Identified the +7 morningstar "Hemumof" {vamp, rPois rC+}
 11479 | Lair:1   | Entered Level 1 of the Lair of Beasts
 11596 | Lair:1   | Learned a level 2 spell: Blink
 11667 | Lair:1   | Noticed an eight-headed hydra
 11708 | Lair:1   | HP: 3/85 [blink frog (10)]
 12981 | Lair:2   | Reached skill level 1 in Translocations
 13027 | Lair:1   | Reached XP level 12. HP: 78/92 MP: 15/20
 13204 | Lair:1   | Killed a seven-headed hydra
 13287 | Lair:2   | Reached skill level 11 in Necromancy
 13290 | Lair:2   | Reached skill level 1 in Earth Magic
 13510 | Lair:2   | Reached skill level 10 in Long Blades
 13654 | Lair:2   | Reached ***** piety under Kikubaaqudgha
 13973 | Lair:2   | Found a runed translucent door.
 13973 | Lair:2   | Noticed Delamore's ghost (journeyman GrFi)
 13981 | Lair:2   | Killed Delamore's ghost
 14101 | Lair:2   | Noticed Nergalle
 14108 | Lair:2   | Killed Nergalle
 14507 | Lair:3   | Noticed a four-headed hydra
 14514 | Lair:3   | Killed a one-headed hydra
 14864 | Lair:3   | Reached skill level 12 in Necromancy
 14866 | Lair:3   | Gained mutation: You are partially covered in yellow
                  | scales. (AC +2) [demonic ancestry]
 14866 | Lair:3   | Reached XP level 13. HP: 100/100 MP: 2/21
 14887 | Lair:3   | Found a blossoming altar of Fedhas.
 15525 | Lair:4   | Found a staircase to the Snake Pit.
 16285 | Lair:4   | Found a staircase to the Shoals.
 16789 | Orc:1    | Entered Level 1 of the Orcish Mines
 16854 | Orc:1    | Found a dark tunnel.
 16863 | Volcano  | Entered a volcano
 17179 | Volcano  | Reached ****** piety under Kikubaaqudgha
 17314 | Volcano  | Found a radiant altar of Vehumet.
 17326 | Volcano  | HP: 5/101 [salamander (4)]
 17328 | Volcano  | Mangled by a salamander

Illustrated notes

Levels and vault maps discovered:
D:1:      tarquinn_simple_flora_water_e, layout_loops_cross, serial_shops,
          shop_statue, minmay_pentomino_z2
D:2:      layout_rooms, basic_altar
D:3:      layout_basic, shapermc_ecumenical_altar_notcrosses, uniq_sigmund,
          uniq_jessica, uniq_crazy_yiuf_cottage
D:4:      layout_rooms, mainiacjoe_overflow_boulevard,
          lemuel_mausoleum_altar_yredelemnul, grunt_temple_overflow_open
D:5:      kennysheep_spiral_hall, layout_basic, nicolae_elyvilon_peaceful_grove,
          serial_co_window_serial, co_window_corner_a, co_window_paths_b,
          co_window_paths_a, co_window_paths_a, co_window_paths_a,
          co_window_2corner, co_window_paths_c, co_window_broadway_a,
          co_window_corner_b, glass_columns_a, glass_columns_b, st_stairs_3,
          corexii_hall_statues_l
D:6:      layout_basic
D:7:      layout_basic, cheibrodos_ashenzari_chains,
          minmay_temple_entry_slanted, the_hattery, uniq_menkaure, uniq_maggie
D:8:      layout_rooms, mainiacjoe_overflow_tiny_flanked, uniq_erica, uniq_grum
D:9:      layout_loops_corners, nicolae_overflow_hidden_temple,
          kennysheep_another_room
D:10:     layout_grid_maze, kiku_gazebo_pond_becter, minivault_10, uniq_psyche,
          uniq_josephine
D:11:     minmay_weird_star, layout_loops_ring, lair_entry_dummy, orc_0_dummy,
          uniq_sonja, uniq_urug
Lair:1:   layout_gridlike, st_stairs_10, minmay_hedge_maze
Lair:2:   layout_long_grid, gammafunk_ghost_grave, nzn_random_ring,
          uniq_nergalle
Lair:3:   layout_hall_layers, grunt_forest_stairs_basic, hangedman_tree_tricks,
          grunt_megastairs_2, serial_bayou_shore_a
Lair:4:   layout_cave_shapes, minmay_shoals_entry_beasts,
          minmay_snake_entry_guardpost_small
Orc:1:    layout_caves, enter_volcano_1
Volcano:  volcano_grotto [vgs_original]

Skill      XL: |  1  2  3  4  5  6  7  8  9 10 11 12 13 |
---------------+----------------------------------------+-----
Armour         | 2 3 4 5 6 7 8 |  8.3
Long Blades    | 2 3 4 5 7 8 9 10 11 | 11.3
Dodging        | 2 |  2.2
Fighting       | 3 4 5 6 7 8 9 |  9.2
Spellcasting   | 1 2 3 4 5 |  5.6
Necromancy     | 1 2 4 5 7 9 10 12 | 12.6
Shields        | 4 |  4.0
Translocations | 1 3 4 |  4.0
Earth Magic    | 3 4 |  4.0
Throwing       | |  1.0
Stealth        | |  2.6

Action                   |  1- 3 |  4- 6 |  7- 9 | 10-12 | 13-15 || total
-------------------------+-------+-------+-------+-------+-------++-------
Melee: Falchion          |    44 |    78 |   256 |    17 |       ||   395
       Kick              |     9 |    31 |   103 |    88 |    39 ||   270
       Scimitar          |       |       |       |   233 |   100 ||   333
       Morningstar       |       |       |       |     7 |    41 ||    48
       Double sword      |       |       |       |       |     3 ||     3
Throw: Dart              |       |     3 |       |       |       ||     3
 Cast: Summon Small Mamm |       |    16 |    44 |     7 |       ||    67
       Pain              |       |     1 |   118 |   124 |    26 ||   269
       Vampiric Draining |       |       |     4 |    29 |    14 ||    47
       Dispel Undead     |       |       |     1 |     9 |       ||    10
       Agony             |       |       |       |    43 |    22 ||    65
Evoke: Wand              |       |       |     2 |    23 |     5 ||    30
  Use: Scroll            |       |       |     6 |    11 |     6 ||    23
       Potion            |       |       |       |     3 |     3 ||     6
 Stab: Sleeping          |     2 |     5 |     8 |     1 |     1 ||    17
       Invisible         |       |     1 |       |       |       ||     1
       Paralysed         |       |     8 |    84 |   120 |    40 ||   252
Armor: Robe              |     6 |    11 |     2 |       |       ||    19
       Leather armour    |       |       |    64 |       |       ||    64
       Acid dragon scale |       |       |    10 |    61 |     2 ||    73
       Ring mail         |       |       |       |    24 |    64 ||    88
Dodge: Dodged            |    27 |    43 |   133 |   126 |    86 ||   415
Block: Other             |       |     6 |    29 |    17 |       ||    52
       Buckler           |       |       |       |    65 |    68 ||   133
       Reflection        |       |       |       |     2 |     2 ||     4
       Rpst.: Falchion   |    10 |    17 |    42 |     8 |       ||    77
       Scimitar          |       |       |       |    26 |    16 ||    42
       Double sword      |       |       |       |       |     1 ||     1
